 Dungeon Crawl Stone Soup version 0.26.0-11-g8f856b5395 (webtiles) character file.

Game seed: 8310302259485583879

785 pkoi the Basher (level 7, 0/57 HPs)
             Began as a Minotaur Fighter on Jan 14, 2021.
             Slain by a gnoll
             ... wielding a +0 spear
              (2 damage)
             ... on level 6 of the Dungeon.
             The game lasted 00:03:50 (4635 turns).

pkoi the Basher (Minotaur Fighter)                  Turns: 4635, Time: 00:03:52

Health: 0/57       AC:  8    Str: 22    XL:     7   Next: 56%
Magic:  6/6        EV:  7    Int:  5    God:
Gold:   247        SH:  9    Dex: 10    Spells: 6/6 levels left

rFire    + . .     SeeInvis .   a - +0 flail
rCold    + . .     Faith    .   c - +0 kite shield
rNeg     . . .     Spirit   .   b - +0 scale mail
rPois    .         Reflect  .   (helmet restricted)
rElec    .         Harm     .   p - scarf {rC+ rF+}
rCorr    .         Rampage  .   (no gloves)
Will     .....                  o - +0 pair of boots
Stlth    ..........             (no amulet)
HPRegen  0.19/turn              (no ring)
MPRegen  0.10/turn              (no ring)

@: attractive
A: retaliatory headbutt, horns 2
a: no special abilities


You were on level 6 of the Dungeon.
You visited 1 branch of the dungeon, and saw 6 of its levels.

You collected 247 gold pieces.

Inventory:

Hand Weapons
 a - a +0 flail (weapon)
Missiles
 n - 8 javelins (quivered)
Armour
 b - a +0 scale mail (worn)
 c - a +0 kite shield (worn)
 o - a +0 pair of boots (worn)
 p - a scarf of resistance (worn)
Jewellery
 i - an uncursed ring of fire {unknown}
 y - a cursed ring of teleportation {unknown}
 F - an uncursed amulet of the acrobat {unknown}
Wands
 t - a wand of iceblast (10)
 E - a wand of enslavement (6)
Scrolls
 g - 7 scrolls of identify {unknown}
 h - 3 scrolls of teleportation {unknown}
 l - a scroll of fear {unknown}
 m - a scroll of amnesia {unknown}
 s - a scroll of noise {unknown}
 v - 2 scrolls of enchant armour {unknown}
 w - 2 scrolls of random uselessness {unknown}
 D - a scroll of magic mapping {unknown}
 G - a scroll of holy word {unknown}
Potions
 d - a potion of might
 e - 2 potions of attraction
 f - 2 potions of ambrosia {unknown}
 j - 2 potions of haste {unknown}
 k - a potion of heal wounds {unknown}
 q - a potion of lignification {unknown}
 r - a potion of mutation {unknown}
 u - a potion of brilliance {unknown}
 x - a potion of flight {unknown}
 z - a potion of resistance {unknown}
 A - 2 potions of degeneration {unknown}
 B - a potion of invisibility {unknown}
 C - 2 potions of curing {unknown}


   Skills:
 - Level 3.6 Fighting
 + Level 10.3 Maces & Flails
 - Level 3.6 Armour
 - Level 3.6 Shields


You had 6 spell levels left.
You didn't know any spells.
Your spell library was empty.

Dungeon Overview and Level Annotations

Branches:
Dungeon (6/15)
 Temple: D:4-7

Altars:

Shops:
D:4 [

Annotations:
D:3 Grinder


Innate Abilities, Weirdness & Mutations

You reflexively headbutt those who attack you in melee.
You have a pair of horns on your head.


Message History

There is a stone staircase leading down, spattered with blood here.
You completely miss the centaur. You block the centaur's attack.
The gnoll hits you but does no damage.
The gnoll hits you from afar with a +0 halberd!
* * * LOW HITPOINT WARNING * * *
You barely miss the centaur. Your headbutt misses the centaur.
The centaur hits you but does no damage.
You block the gnoll's attack. The centaur barely misses you.
You barely miss the centaur.
You headbutt the centaur, but do no damage.
You block the gnoll's attack. The centaur hits you.
* * * LOW HITPOINT WARNING * * *
You block the gnoll's attack.
It was a potion of attraction.
You feel attractive to monsters. You block the centaur's attack.
The gnoll hits you from afar with a +0 halberd.
* * * LOW HITPOINT WARNING * * *
The gnoll hits you from afar with a +0 spear.
You die...

# .# ##########.#
#..........# # #..........#
#. #. ######..[.......#
.##.#.#####...............#
.......!...g####..........#
#....†...ggc@(..####..#######
......############ ##........
....# ########. g.. ## ..


You could see a centaur and 3 gnolls.

Vanquished Creatures
  A necrophage (D:5)
  A bullfrog (D:6)
  2 scorpions
  2 howler monkeys (D:5)
  A bullfrog zombie (D:5)
  2 hounds
  An iguana (D:4)
  5 worker ants
  A hound zombie (D:5)
  A hound skeleton (D:5)
  A worker ant zombie (D:5)
  Robin (D:4)
  6 adders
  A howler monkey skeleton (D:4)
  A shadow imp (D:5)
  An ufetubus (D:6)
  4 worms
  A dart slug (D:1)
  3 leopard geckos
  2 orcs
  2 ball pythons (D:1)
  9 bats
  2 giant cockroaches
  5 hobgoblins
  4 jackals (D:1)
  10 kobolds
  4 quokkas
  16 frilled lizards
  20 goblins
  A jackal skeleton (D:4)
  A leopard gecko skeleton (D:4)
  2 rats
114 creatures vanquished.

Vanquished Creatures (others)
  9 plants (D:2)
9 creatures vanquished.

Grand Total: 123 creatures vanquished

Notes
Turn   | Place    | Note
-------+----------+-------------------------------------------
     0 | D:1      | pkoi the Minotaur Fighter began the quest for the Orb.
     0 | D:1      | Reached XP level 1. HP: 19/19 MP: 0/0
   117 | D:1      | Reached skill level 3 in Maces & Flails
   163 | D:1      | Reached XP level 2. HP: 26/26 MP: 1/1
   312 | D:1      | Reached skill level 4 in Maces & Flails
   645 | D:1      | Reached XP level 3. HP: 31/31 MP: 2/2
  1118 | D:2      | Reached skill level 5 in Maces & Flails
  1427 | D:2      | Reached XP level 4. HP: 32/39 MP: 3/3
  1982 | D:3      | Noticed Grinder
  1987 | D:3      | Paralysed by Grinder for 3 turns
  1998 | D:3      | Paralysed by Grinder for 6 turns
  2723 | D:4      | Found Towiz's Antique Armour Boutique.
  2749 | D:4      | Reached skill level 6 in Maces & Flails
  2870 | D:4      | Reached XP level 5. HP: 41/45 MP: 4/4
  3054 | D:4      | Reached skill level 7 in Maces & Flails
  3166 | D:4      | Noticed Robin
  3390 | D:4      | Killed Robin
  3706 | D:5      | Entered Level 5 of the Dungeon
  3775 | D:5      | Noticed a necrophage
  3799 | D:5      | Reached XP level 6. HP: 47/51 MP: 5/5
  3806 | D:5      | Reached skill level 8 in Maces & Flails
  3825 | D:5      | Reached skill level 9 in Maces & Flails
  4027 | D:5      | Reached XP level 7. HP: 55/57 MP: 6/6
  4616 | D:6      | Reached skill level 10 in Maces & Flails
  4635 | D:6      | HP: 2/57 [gnoll/+0 halberd (5)]
  4635 | D:6      | Slain by a gnoll

Illustrated notes

Levels and vault maps discovered:
D:1:      wheals_arrival_shading, layout_basic, minmay_misc_feat_rugged
D:2:      layout_loops_cross, minmay_lizard_king
D:3:      gammafunk_wand_slinger, layout_basic, kennysheep_generic_room_11,
          uniq_grinder
D:4:      layout_basic, serial_shops, kennysheep_mini, serial_bayou_pond_a,
          uniq_robin
D:5:      layout_cave_pools, minmay_fractal_squares_5
D:6:      layout_rooms, minmay_temple_entry_trees, uniq_crazy_yiuf_cottage

Skill      XL: |  1  2  3  4  5  6  7 |
---------------+----------------------+-----
Maces & Flails | 3 4 5 6 7 9 10 | 10.3
Fighting       | |  3.6
Armour         | |  3.6
Shields        | |  3.6

Action                   |  1- 3 |  4- 6 |  7- 9 || total
-------------------------+-------+-------+-------++-------
Melee: Flail             |   123 |   158 |    39 ||   320
       Headbutt          |    16 |    20 |     7 ||    43
  Use: Potion            |       |       |     1 ||     1
Armor: Scale mail        |    59 |    83 |    21 ||   163
Dodge: Dodged            |    34 |    45 |    20 ||    99
Block: Kite shield       |    64 |    91 |    27 ||   182
